 Dungeon Sprint DCSS version 0.27.1-33-g824d729ab1 (webtiles) character file.

Game seed: 18318200827440420109

2580 Hipnos the Fighter (level 9, 0/93 HPs)
             Began as a Red Draconian Berserker on Nov 30, 2021.
             Was an Elder of Trog.
             Slain by a demonic crawler (8 damage)
             ... in the Dungeon (Sprint I: "Red Sonja").
             The game lasted 00:03:58 (917 turns).

Hipnos the Fighter (Red Draconian Berserker)         Turns: 917, Time: 00:04:00

Health: 0/93       AC:  8    Str: 24    XL:     9   Next: 32%
Magic:  9/9        EV: 15    Int:  7    God:    Trog [****..]
Gold:   784        SH:  0    Dex: 10    Spells: 8/8 levels left

rFire    + . .     SeeInvis .   a - +0 falchion
rCold    . . .     Faith    .   (no shield)
rNeg     . . .     Spirit   .   (armour unavailable)
rPois    .         Reflect  .   (helmet restricted)
rElec    .         Harm     .   (no cloak)
rCorr    .         Rampage  .   n - +0 pair of gloves
Will     .....     NoTele   +   (no boots)
Stlth    +.........             (no amulet)
HPRegen  0.25/turn              (no ring)
MPRegen  0.11/turn              (no ring)

@: short of breath, on berserk cooldown, hasted and slowed
A: breathe fire, AC +7, unfitting armour, fire resistance 1, cold-blooded
a: Breathe Fire, Renounce Religion, Berserk, Trog's Hand, Brothers in Arms


You were in the Dungeon.
You worshipped Trog.
Trog was greatly pleased with you.
You visited 1 branch You collected 833 gold pieces.
You spent 49 gold pieces at shops.

Inventory:

Hand Weapons
 a - a +0 falchion (weapon)
Armour
 n - a +0 pair of gloves (worn)
Wands
 h - a wand of polymorph (8)
Scrolls
 g - 2 scrolls of blinking
 j - a scroll of holy word {unknown}
 l - a scroll of enchant weapon {unknown}
 o - a scroll of magic mapping {unknown}
Potions
 b - 3 potions of curing
 c - a potion of heal wounds
 e - 2 potions of magic
 f - a potion of berserk rage
 i - a potion of ambrosia {unknown}
 k - 2 potions of degeneration {unknown}
 m - a potion of flight {unknown}


   Skills:
 + Level 13.5 Fighting
 + Level 12.5 Long Blades
 + Level 11.5 Dodging
 + Level 2.7 Unarmed Combat


You had 8 spell levels left.
You didn't know any spells.
Your spell library was empty.

Dungeon Overview and Level Annotations

Branches:
Dungeon (1/1)

Altars:
Cheibriados
Dithmenos
Elyvilon
Fedhas
Gozag
Hepliaklqana
Kikubaaqudgha
Makhleb
Nemelex Xobeh
Okawaru
Qazlal
Ru
Sif Muna
Trog
Uskayaw
Vehumet
Wu Jian
Xom
Yredelemnul
Zin
The Shining One
Jiyva
Lugonu

Shops:
D ?([


Innate Abilities, Weirdness & Mutations

You can breathe blasts of fire.
Your fiery red scales are hard. (AC +7)
You cannot fit into any form of body armour.
Your flesh is heat resistant. (rF+)
You are cold-blooded and may be slowed by cold attacks.


Message History

The demonic crawler completely misses you.
You slash the demonic crawler!
You kill the demonic crawler!
Trog accepts your kill.
You feel a strong urge to attack something.
Things that are here:
a +0 dagger; a +0 robe; a kobold skeleton You are no longer berserk.
You are exhausted.
You feel yourself slow down.
There is an open door, spattered with blood here.
The demonic crawler hits you!
The demonic crawler hits you but does no damage. x2
You slash the demonic crawler!
The demonic crawler is lightly wounded.
You feel much better. The demonic crawler barely misses you.
The demonic crawler hits you but does no damage.
The demonic crawler misses you.
The demonic crawler hits you but does no damage. x2
The demonic crawler hits you. x2
The demonic crawler hits you but does no damage. x3
The demonic crawler closely misses you. The demonic crawler misses you.
You feel yourself speed up. The demonic crawler barely misses you.
You riposte.
You hit the demonic crawler but do no damage.
You tail-slap the demonic crawler, but do no damage.
The demonic crawler is lightly wounded.
The demonic crawler barely misses you. The demonic crawler hits you!
The demonic crawler misses you.
The demonic crawler closely misses you. x2
The demonic crawler hits you. The demonic crawler hits you!
The demonic crawler hits you. The demonic crawler hits you.
The demonic crawler closely misses you.
The demonic crawler hits you but does no damage.
The demonic crawler hits you!
* * * LOW HITPOINT WARNING * * *
The demonic crawler hits you.
* * * LOW HITPOINT WARNING * * *
The demonic crawler hits you!
* * * LOW HITPOINT WARNING * * *
The demonic crawler hits you!
You die...

########################
.#..)..#..'..#__#s.')..#
.)..#..').#..'^.@ss#..†##+#
.#####'#####'#__####...'..#
.####..#...#.#### #####..+
.#__####..##)# ##
.#_____##'#_.+
⌠#_.∩...'..._#
##_..__##_.#'##+###
#_____###'#(#...(###
##########.####'###.##


You could see 3 demonic crawlers.

Vanquished Creatures
  Sonja (D)
  A deep troll (D)
  A demonic crawler (D)
  2 kobold demonologists (D)
  A slime creature (D)
  A yak (D)
  Sigmund (D)
  A floating eye (D)
  An ogre (D)
  A jelly (D)
  Ijyb (D)
12 creatures vanquished.

Vanquished Creatures (others)
  2 ballistomycete spores (D)
2 creatures vanquished.

Grand Total: 14 creatures vanquished

Notes
Turn   | Place    | Note
-------+----------+-------------------------------------------
     0 | D        | Hipnos the Draconian Berserker began the quest for the Orb.
     0 | D        | Reached XP level 1. HP: 19/19 MP: 1/1
     1 | D        | Noticed Ijyb
    11 | D        | Killed Ijyb
    12 | D        | Reached skill level 4 in Fighting
    12 | D        | Reached XP level 2. HP: 28/28 MP: 2/2
   146 | D        | Noticed an ogre
   152 | D        | Killed an ogre
   153 | D        | Reached skill level 6 in Fighting
   153 | D        | Reached skill level 5 in Long Blades
   153 | D        | Reached skill level 5 in Dodging
   153 | D        | Reached XP level 3. HP: 30/38 MP: 3/3
   153 | D        | Reached XP level 4. HP: 36/45 MP: 4/4
   275 | D        | Noticed Sigmund
   278 | D        | Killed Sigmund
   278 | D        | Reached ** piety under Trog
   279 | D        | Reached skill level 8 in Fighting
   279 | D        | Reached skill level 1 in Unarmed Combat
   279 | D        | Reached XP level 5. HP: 56/56 MP: 5/5
   323 | D        | Found an ornate altar of the Wu Jian Council.
   323 | D        | Found a shimmering blue altar of Sif Muna.
   325 | D        | Found a radiant altar of Vehumet.
   332 | D        | Reached XP level 6. HP: 62/62 MP: 6/6
   373 | D        | Found Dohibb's Weapon Emporium.
   373 | D        | Found an ancient bone altar of Kikubaaqudgha.
   373 | D        | Found a hazy altar of Hepliaklqana.
   373 | D        | Found a stormy altar of Qazlal.
   373 | D        | Found a hide-covered altar of Uskayaw.
   373 | D        | Found a blossoming altar of Fedhas.
   373 | D        | Found a bloodstained altar of Trog.
   373 | D        | Found an iron altar of Okawaru.
   373 | D        | Found a basalt altar of Yredelemnul.
   373 | D        | Found a glowing golden altar of the Shining One.
   373 | D        | Found a snail-covered altar of Cheibriados.
   373 | D        | Found a sacrificial altar of Ru.
   373 | D        | Found a glowing silver altar of Zin.
   373 | D        | Found a shadowy altar of Dithmenos.
   373 | D        | Found a white marble altar of Elyvilon.
   373 | D        | Noticed a yak
   377 | D        | Killed a yak
   378 | D        | Reached skill level 9 in Fighting
   378 | D        | Found an opulent altar of Gozag.
   379 | D        | Found a sparkling altar of Nemelex Xobeh.
   522 | D        | Found a burning altar of Makhleb.
   522 | D        | Found a viscous altar of Jiyva.
   522 | D        | Found a shimmering altar of Xom.
   522 | D        | Found a corrupted altar of Lugonu.
   522 | D        | Noticed a slime creature
   528 | D        | Killed a slime creature
   528 | D        | Reached *** piety under Trog
   529 | D        | Reached skill level 10 in Fighting
   529 | D        | Your scales start taking on a fiery red colour.
   529 | D        | Reached XP level 7. HP: 73/73 MP: 7/7
   529 | D        | Gained mutation: Your flesh is heat resistant. (rF+) [Red
                  | Draconian growth]
   579 | D        | Noticed a kobold demonologist
   579 | D        | Noticed a kobold demonologist
   581 | D        | Reached skill level 10 in Long Blades
   588 | D        | Noticed a sun demon
   589 | D        | Killed a kobold demonologist
   590 | D        | Reached skill level 11 in Fighting
   591 | D        | Killed a kobold demonologist
   591 | D        | Reached **** piety under Trog
   592 | D        | Reached skill level 10 in Dodging
   592 | D        | Reached XP level 8. HP: 83/83 MP: 8/8
   628 | D        | Noticed Sonja
   645 | D        | Killed Sonja
   646 | D        | Reached skill level 12 in Fighting
   769 | D        | Found Gunnasal's Magic Scroll Boutique.
   789 | D        | Noticed a deep troll
   797 | D        | Killed a deep troll
   798 | D        | Reached skill level 13 in Fighting
   798 | D        | Reached XP level 9. HP: 93/93 MP: 9/9
   808 | D        | Found Mopsion's Armour Emporium.
   816 | D        | Bought a +0 pair of gloves for 49 gold pieces
   898 | D        | Noticed a demonic crawler
   898 | D        | Noticed a demonic crawler
   898 | D        | Noticed a demonic crawler
   898 | D        | Noticed a demonic crawler
   908 | D        | Killed a demonic crawler
   917 | D        | Slain by a demonic crawler

Illustrated notes

Levels and vault maps discovered:
D:        dungeon_sprint_1 [red_sonja_temple_1, red_sonja_temple_small_1]

Skill      XL: |  1  2  3  4  5  6  7  8 |
---------------+-------------------------+-----
Fighting       | 4 6 8 10 11 13 | 13.5
Long Blades    | 4 5 7 9 11 12 | 12.5
Dodging        | 4 5 6 7 8 10 11 | 11.5
Unarmed Combat | 1 2 |  2.7

Action                   |  1- 3 |  4- 6 |  7- 9 || total
-------------------------+-------+-------+-------++-------
Melee: Falchion          |    10 |    14 |    37 ||    61
       Unarmed           |     4 |       |       ||     4
       Tailslap          |       |     3 |     6 ||     9
Invok: Berserk           |     2 |     4 |     4 ||    10
       Trog's Hand       |       |       |     3 ||     3
 Abil: Breathe Fire      |       |       |     4 ||     4
  Use: Potion            |       |       |     2 ||     2
Armor: Skin              |       |     1 |    17 ||    18
Dodge: Dodged            |     3 |     5 |    37 ||    45
       Rpst.: Falchion   |       |     2 |     4 ||     6
